 Dungeon Crawl Stone Soup version 0.25-a0-410-g53dbb631d1 (webtiles) character file.

Game seed: 15979690352087434748, levelgen mode: deterministic

270 Alfie the Covered (level 6, -10/53 HPs)
             Began as a Minotaur Fighter on Jan 13, 2020.
             Mangled by a tentacled starspawn (18 damage)
             ... on level 2 of the Abyss.
             The game lasted 00:09:02 (2026 turns).

Alfie the Covered (Minotaur Fighter)                Turns: 2026, Time: 00:09:03

Health: -10/53     AC:  7    Str: 18    XL:     6   Next: 1%
Magic:  0/3        EV:  8    Int:  5    God:
Gold:   172        SH:  9    Dex: 12    Spells: 5/5 levels left

rFire    . . .     SeeInvis .   a - +0 rapier
rCold    . . .     Gourm    .   c - +0 shield
rNeg     . . .     Faith    .   b - +0 scale mail
rPois    .         Spirit   .   (helmet restricted)
rElec    .         Reflect  .   (no cloak)
rCorr    .         Harm     .   (no gloves)
MR       .....                  (no boots)
Stlth    ..........             (no amulet)
HPRegen  0.17/turn              r - +4 ring of dexterity
MPRegen  0.08/turn              (no ring)

@: about to teleport
A: retaliatory headbutt, horns 2, blurry vision 1, clumsy 1, low mp 2, weak 2,
no potion heal 1, subdued magic 1
a: no special abilities


You were on level 2 of the Abyss.
You were not hungry.

You visited 1 branch of the dungeon, and saw 4 of its levels.
You visited the Abyss 1 time.

You collected 172 gold pieces.

Inventory:

Hand Weapons
 a - a +0 rapier (weapon)
Armour
 b - a +0 scale mail (worn)
 c - a +0 shield (worn)
Jewellery
 r - a +4 ring of dexterity (left hand)
Wands
 q - a wand of iceblast (5)
Scrolls
 h - a scroll of blinking {unknown}
 k - 2 scrolls of identify
 l - 6 scrolls of remove curse
 m - a scroll of amnesia {unknown}
 n - 2 scrolls of immolation {unknown}
 o - a scroll of enchant armour {unknown}
Potions
 d - a potion of might
 e - 2 potions of cancellation {unknown}
 g - a potion of haste {unknown}
 i - a potion of heal wounds
 j - a potion of resistance {unknown}
 p - a potion of flight {unknown}
Comestibles
 f - 3 rations


   Skills:
 + Level 4.7 Fighting
 + Level 4.6 Short Blades
 + Level 4.8 Armour
 + Level 1.2 Dodging
 + Level 4.7 Shields


You had 5 spell levels left.
You didn't know any spells.
Your spell library was empty.

Dungeon Overview and Level Annotations

Branches:
Dungeon (6/15)
 Temple: D:4-7

Altars:
Nemelex Xobeh


Innate Abilities, Weirdness & Mutations

You reflexively headbutt those who attack you in melee.
You have a pair of horns on your head.
Scrolls take you a little longer to read.
You are clumsy. (Dex -2)
Your magical capacity is very low. (-20% MP)
You are very weak. (Str -4)
Potions are less effective at restoring your health.
Your spells are a little easier to cast, but a little less powerful.


Message History

The flying skull hits you but does no damage.
The eye of draining gazes at you.
You closely miss the flying skull. Your headbutt misses the flying skull.
The flying skull is lightly damaged.
The flying skull hits you. The starspawn tentacle grabs you.
The starspawn tentacle constricts you.
You hit the flying skull but do no damage.
The flying skull is lightly damaged.
The flying skull hits you.
* * * LOW HITPOINT WARNING * * *
The starspawn tentacle constricts you.
You hit the bone dragon but do no damage.
The starspawn tentacle loses its grip on you.
You hit the bone dragon but do no damage.
The bone dragon bites you!
* * * LOW HITPOINT WARNING * * *
The bone dragon barely misses you.
The bone dragon tramples you but does no damage.
The flying skull barely misses you. The tentacled starspawn bites you!!
You die...

.....##. . #
#.#..#.. ...
..#.#%#..#.# ....
..#.#(..#..##....
.....:..#........
#...#..... ####.#
...G:.h..##
.#.#X#z#X#
#..!#@D.#
<###X...# ..
......#
...#.#....#
......#....#
......#....#
..... ####.# ...#
#. #.


You could see a bone dragon, 2 tentacled starspawn, a hell hog, a large
abomination, an eye of draining and a flying skull.

Vanquished Creatures
  A neqoxec (Abyss:2)
  2 adders
  An ooze (D:1)
  An adder skeleton (D:6)
  3 worms
  6 dart slugs
  2 leopard geckos
  9 bats
  2 giant cockroaches
  9 goblins
  9 hobgoblins
  13 jackals
  8 kobolds
  2 quokkas (D:2)
  3 frilled lizards
  A quokka skeleton (D:6)
  7 rats
79 creatures vanquished.

Vanquished Creatures (others)
  5 starspawn tentacles (Abyss:2)
5 creatures vanquished.

Grand Total: 84 creatures vanquished

Notes
Turn   | Place    | Note
-------+----------+-------------------------------------------
     0 | D:1      | Alfie the Minotaur Fighter began the quest for the Orb.
     0 | D:1      | Reached XP level 1. HP: 19/19 MP: 0/0
    61 | D:1      | Reached XP level 2. HP: 20/27 MP: 1/1
   253 | D:1      | Reached XP level 3. HP: 32/33 MP: 2/2
   715 | D:2      | Found a faded altar of an unknown god.
   958 | D:2      | Reached XP level 4. HP: 37/40 MP: 3/3
  1685 | D:3      | Found a sparkling altar of Nemelex Xobeh.
  1798 | D:3      | You fall into a shaft and drop 3 floors!
  1928 | D:6      | Cast into level 1 of the Abyss (orc)
  1971 | Abyss:2  | Noticed a neqoxec
  1972 | Abyss:2  | Gained mutation: Your magical capacity is low. (-10% MP) [a
                  | neqoxec]
  1974 | Abyss:2  | Gained mutation: You are clumsy. (Dex -2) [a neqoxec]
  1975 | Abyss:2  | Gained mutation: Your spells are a little easier to cast,
                  | but a little less powerful. [a neqoxec]
  1978 | Abyss:2  | Gained mutation: Scrolls take you a little longer to read.
                  | [a neqoxec]
  1980 | Abyss:2  | Gained mutation: Your magical capacity is very low. (-20%
                  | MP) [a neqoxec]
  1981 | Abyss:2  | Gained mutation: You are weak. (Str -2) [a neqoxec]
  1997 | Abyss:2  | Gained mutation: You are very weak. (Str -4) [a neqoxec]
  1998 | Abyss:2  | Gained mutation: Potions are less effective at restoring
                  | your health. [a neqoxec]
  2001 | Abyss:2  | Killed a neqoxec
  2001 | Abyss:2  | Reached skill level 1 in Dodging
  2001 | Abyss:2  | Reached XP level 5. HP: 24/47 MP: 3/3
  2001 | Abyss:2  | Reached XP level 6. HP: 27/53 MP: 3/3
  2014 | Abyss:2  | Noticed a flying skull
  2015 | Abyss:2  | Noticed a tentacled starspawn
  2015 | Abyss:2  | Noticed a tentacled starspawn
  2016 | Abyss:2  | Noticed a large abomination
  2016 | Abyss:2  | Noticed a hell hog
  2016 | Abyss:2  | Noticed a bone dragon
  2026 | Abyss:2  | Mangled by a tentacled starspawn

Levels and vault maps discovered:
D:1:      matt_arrival_spirals, layout_rooms
D:2:      layout_loops_ring, first_ration,
          chequers_ecumenical_altar_simple_redux, minmay_bisected
D:3:      layout_basic, nemelex_xobeh_ov_fountains_minmay,
          ebering_ghost_disaster_area
D:6:      layout_loops_cross, serial_shops, shop_coins
Abyss:2:  base: D:1, evilmike_abyss_exit_chaos, onia_ninara_dug_in_and_dangerous

Skill      XL: |  1  2  3  4 |
---------------+-------------+-----
Fighting       | 4 |  4.7
Shields        | 4 |  4.7
Armour         | 4 |  4.8
Short Blades   | 3 4 |  4.6
Dodging        | 1 |  1.2

Action                   |  1- 3 |  4- 6 || total
-------------------------+-------+-------++-------
Melee: Rapier            |   106 |    97 ||   203
       Headbutt          |    11 |    16 ||    27
  Use: Scroll            |       |     6 ||     6
       Potion            |       |     2 ||     2
  Eat: Ration            |       |     1 ||     1
Armor: Scale mail        |    45 |    43 ||    88
Dodge: Dodged            |    40 |    22 ||    62
Block: Shield            |    55 |    42 ||    97

Table legend:
 A = Non-vault XP
 B = Vault XP
 C = Vault XP percentage of total XP
 D = Non-vault monster count
 E = Vault monster count
 F = Vault count percentage of total count
                 A         B        C        D         E       F
            +---------+---------+-------+---------+---------+-------
      Total |     384 |       2 |   0.5 |      77 |       2 |   2.5
            +---------+---------+-------+---------+---------+-------
        D:1 |      63 |       0 |   0.0 |      31 |       0 |   0.0
        D:2 |      78 |       2 |   2.5 |      28 |       2 |   6.7
        D:3 |      41 |       0 |   0.0 |      15 |       0 |   0.0
        D:6 |       6 |       0 |   0.0 |       2 |       0 |   0.0
    Abyss:2 |     196 |       0 |   0.0 |       1 |       0 |   0.0
            +---------+---------+-------+---------+---------+-------
